 Dungeon Crawl Stone Soup version 0.20.0-15-g7f486f2 (console) character file.

621 2d6 the Chopper (level 7, -10/61 HPs)
             Began as a Deep Dwarf Fighter on June 11, 2017.
             Was a Follower of Makhleb.
             Mangled by a two-headed ogre
             ... wielding a +0 giant club
              (21 damage)
             ... on level 4 of the Dungeon.
             The game lasted 00:14:21 (3678 turns).

2d6 the Chopper (Deep Dwarf Fighter)                Turns: 3678, Time: 00:14:21

Health: -10/61     AC: 11    Str: 26    XL:     7   Next: 22%
Magic:  7/7        EV: 12    Int:  8    God:    Makhleb [*.....]
Gold:   127        SH:  4    Dex: 13    Spells: 6/6 levels left

rFire    + . .     SeeInvis .   a - +0 war axe
rCold    . . .     Gourm    .   B - +0 buckler
rNeg     . . .     Faith    .   b - +0 scale mail
rPois    .         Spirit   .   (no helmet)
rElec    .         Reflect  .   G - +0 cloak
rCorr    .         Harm     .   (no gloves)
MR       +....                  y - +0 pair of boots
Stlth    ..........             g - amulet of magic regeneration
Regen    0.0/turn               e - ring of flight
MPRegen  0.2/turn               (no ring)

@: mighty, non-regenerating, drained
A: damage resistance, heal wounds, slimy green scales 1, fire resistance 1,
sense surroundings 1, no regeneration
a: Heal Wounds, Renounce Religion, Evoke Flight


You were on level 4 of the Dungeon.
You worshipped Makhleb.
Makhleb was aware of your devotion.
You were not hungry.

You visited 1 branch of the dungeon, and saw 4 of its levels.

You collected 127 gold pieces.

Inventory:

Hand Weapons
 a - a +0 war axe (weapon)
 p - a +1 flail of protection
 w - a +0 hunting sling
 D - a cursed -3 whip
 H - a +0 blowgun
Missiles
 l - 16 sling bullets
 t - 109 stones
 x - 3 tomahawks (quivered)
 I - 13 poisoned needles
Armour
 b - a +0 scale mail (worn)
 c - a +0 shield
 y - a +0 pair of boots (worn)
 B - a +0 buckler (worn)
 E - a +0 chain mail
 G - a +0 cloak (worn)
Jewellery
 e - a ring of flight (left hand)
 g - an amulet of magic regeneration (around neck)
Wands
 F - a wand of paralysis (12/24)
 L - a wand of random effects (11/48)
Scrolls
 i - a scroll of fear
 j - a scroll of amnesia
 k - a scroll of remove curse
 m - a scroll of blinking {unknown}
 n - 2 scrolls of teleportation
 r - a scroll of random uselessness {unknown}
 s - a scroll of fog
 u - a scroll of noise {unknown}
 C - a scroll of enchant weapon {unknown}
Potions
 d - 2 potions of might
 q - a potion of flight {unknown}
 v - a potion of brilliance {unknown}
 A - a potion of mutation
 J - a potion of degeneration {unknown}
 K - 2 potions of heal wounds
 M - a potion of curing {unknown}
Comestibles
 f - a bread ration
 h - 5 fruits
 o - 3 royal jellies
 z - a meat ration


   Skills:
 - Level 2.6 Fighting
 - Level 6.0(5.9) Axes
 + Level 3.5(3.4) Armour
 - Level 4.3 Dodging
 - Level 3.2 Shields
 + Level 4.8 Invocations


You had 6 spell levels left.
You didn't know any spells.

Dungeon Overview and Level Annotations

Branches:
Dungeon (4/15)
 Temple: D:4-7

Altars:
Makhleb

Shops:
D:4 (


Innate Abilities, Weirdness & Mutations

You are resistant to damage.
You can heal yourself by infusing magical energy.
You passively map a small area around you.
You do not regenerate.
You are partially covered in slimy green scales. (AC +2)
Your flesh is heat resistant. (rF+)


Message History

The two-headed ogre is lightly wounded.
The leopard gecko bites you. The two-headed ogre barely misses you.
The two-headed ogre hits you with a giant spiked club.
You closely miss the two-headed ogre.
The two-headed ogre is lightly wounded.
You closely miss the leopard gecko. The leopard gecko barely misses you.
The leopard gecko completely misses you.
The two-headed ogre hits you with a giant club!!
* * * LOW HITPOINT WARNING * * *
The two-headed ogre closely misses you.
You fail to use your ability.
You block the leopard gecko's attack.
Your magical essence is drained by the effort!
You feel much better. The leopard gecko barely misses you.
The two-headed ogre hits you with a giant club!
The two-headed ogre hits you with a giant spiked club!
* * * LOW HITPOINT WARNING * * *
You feel very mighty all of a sudden.
The leopard gecko bites you but does no damage.
The two-headed ogre hits you with a giant club!!
You die...

## , , .## , ..## . , ,
...## * #.. ....# *....
....## #####....( , *
.....##########.#O.(((%.
................@l...#*
......######.......###
......# ##........#
......# #......#...#
......# #.....###..#
......# ####### ..#
....### #..# .#)## ..#
#...## ,


You could see a two-headed ogre and a leopard gecko.

Vanquished Creatures
  A sky beast (D:4)
  4 wights (D:4)
  2 hounds
  An orc wizard (D:3)
  A centaur skeleton (D:4)
  3 worker ants (D:4)
  5 adders
  2 gnolls
  2 worms
  4 dart slugs
  3 leopard geckos
  10 orcs
  9 bats
  11 hobgoblins
  6 jackals
  2 quokkas (D:2)
  A ball python (D:3)
  7 frilled lizards
  3 goblins (D:1)
  8 kobolds
  10 rats
95 creatures vanquished.

Notes
Turn   | Place    | Note
-------+----------+-------------------------------------------
     0 | D:1      | 2d6 the Deep Dwarf Fighter began the quest for the Orb.
     0 | D:1      | Reached XP level 1. HP: 20/20 MP: 1/1
   297 | D:1      | Reached skill level 3 in Axes
   297 | D:1      | Reached XP level 2. HP: 14/27 MP: 2/2
   651 | D:1      | Reached XP level 3. HP: 15/33 MP: 3/3
   836 | D:2      | Reached skill level 4 in Axes
  1499 | D:2      | Reached XP level 4. HP: 12/40 MP: 4/4
  1593 | D:2      | Reached skill level 5 in Axes
  2261 | D:3      | Reached XP level 5. HP: 21/46 MP: 4/4
  2262 | D:3      | Reached skill level 6 in Axes
  2380 | D:3      | Found a burning altar of Makhleb.
  2395 | D:3      | Reached skill level 1 in Dodging
  2405 | D:3      | Became a worshipper of Makhleb the Destroyer
  2664 | D:3      | Reached skill level 1 in Invocations
  2908 | D:3      | Gained mutation: Your flesh is heat resistant. (rF+) [potion of mutation]
  2908 | D:3      | Gained mutation: You are partially covered in slimy green scales. (AC +2) [potion of mutation]
  2928 | D:4      | Reached XP level 6. HP: 32/55 MP: 3/5
  3187 | D:4      | Reached * piety under Makhleb
  3188 | D:4      | Noticed a sky beast
  3210 | D:4      | Killed a sky beast
  3210 | D:4      | Reached XP level 7. HP: 39/61 MP: 8/8
  3511 | D:4      | Found Gosofoaze's Weapon Emporium.
  3669 | D:4      | Noticed a two-headed ogre
  3678 | D:4      | Mangled by a two-headed ogre

Skill      XL: |  1  2  3  4  5  6 |
---------------+-------------------+-----
Axes           | 3 4 5 6 |  6.0
Dodging        | 2 4 |  4.3
Invocations    | 2 4 |  4.8
Fighting       | |  2.6
Armour         | |  3.5
Shields        | |  3.2

Action                   |  1- 3 |  4- 6 |  7- 9 || total
-------------------------+-------+-------+-------++-------
Melee: War axe           |   105 |   172 |    24 ||   301
Throw: Stone             |     2 |     1 |       ||     3
       Tomahawk          |       |    24 |     6 ||    30
 Abil: Heal Wounds       |       |     3 |     1 ||     4
  Use: Scroll            |       |     8 |       ||     8
       Potion            |       |     1 |     1 ||     2
  Eat: Chunk             |     2 |     6 |     1 ||     9
Armor: Scale mail        |    28 |    78 |    11 ||   117
Dodge: Dodged            |    32 |    49 |    15 ||    96
Block: Shield            |    42 |    83 |    12 ||   137
       Buckler           |       |       |     1 ||     1

Vault maps used:
D:1:      wheals_arrival_linesprint, serial_glass, glass_columns_a,
          glass_columns_b
D:2:      kb_forest_paths
D:3:      minmay_door_path, makhleb_blood_cavern_becter
D:4:      serial_shops, nicolae_shop_behind_doors
